[Event "1000GM Schev-A February 2024"]
[Site "Santa Clara"]
[Date "2024.02.17"]
[Round "1.1"]
[White "Arutla, Aditya"]
[Black "Jimenez Garcia, Emmanuel"]
[Result "0-1"]
[ECO "A40"]
[WhiteElo "2132"]
[BlackElo "2394"]
[Annotator "TA"]
[PlyCount "58"]
[EventDate "2024.02.13"]
[EventType "schev"]
[EventCountry "USA"]
[SourceTitle "playchess.com"]
[Source "ChessBase"]
[SourceQuality "1"]
[TimeControl "5400+30"]

1. e4 c5 2. Nf3 g6 3. c4 Bg7 4. d4 d6 5. d5 e6 6. Be2 exd5 7. exd5 Ne7 8. O-O O-O 9. Re1 Bg4 {[%emt 0:03:34] The position is equal.} 10. Nc3 Nd7 11. Nd2 Bxe2 12. Qxe2 Nf5 13. Nde4 Ne5 14. b3 $2 {[%emt 0:02:56] [#]} (14. Rb1 $15) 14... Re8 (14... Nd4 $19 15. Qd1 f5) 15. Bf4 Nd4 16. Qd1 h6 17. Bxe5 Rxe5 18. Qd3 a6 $36 {[%emt 0:08:06][%mdl 2048] Black is pushing.} 19. Nd2 Qa5 20. Rxe5 Bxe5 21. Re1 b5 22. Nde4 bxc4 23. Qxc4 {[%emt 0:01:36] [#]} (23. bxc4 $17 {might work better.} f5 24. Nd2) 23... Nb5 $1 $19 24. Re3 (24. Rc1 {only move.}) 24... f5 25. Qa4 Qd8 ({Worse is} 25... Bxc3 26. Nxc3 Qxa4 27. Nxa4 $11) 26. Nxb5 axb5 {[%emt 0:00:18] Black is clearly winning.} 27. Qxb5 fxe4 28. Qe2 Qg5 29. g3 Qf5 {[%emt 0:03:08] Weighted Error Value: White=0.37/Black=0.15 (very precise) .  Loses game:     	White=1     	---        Mistake:       	White=2     	Black=1      Inaccurate:     	White=3     	---        OK:         	White=4     	Black=10     Best:        	---       	Black=1      Strong:       	---       	Black=1} 0-1

[Event "1000GM Schev-A February 2024"]
[Site "Santa Clara"]
[Date "2024.02.17"]
[Round "1.2"]
[White "Sivakumar, Shaashwath"]
[Black "Martin Carmona, Gaston Manuel"]
[Result "0-1"]
[ECO "E11"]
[WhiteElo "2205"]
[BlackElo "2343"]
[Annotator "TA"]
[PlyCount "84"]
[EventDate "2024.02.13"]
[EventType "schev"]
[EventCountry "USA"]
[SourceTitle "playchess.com"]
[Source "ChessBase"]
[SourceQuality "1"]
[TimeControl "5400+30"]

1. d4 Nf6 2. c4 e6 3. g3 Bb4+ 4. Bd2 Qe7 5. Nf3 Nc6 6. Nc3 Bxc3 7. Bxc3 Ne4 8. Rc1 O-O 9. Bg2 d6 10. O-O Nxc3 11. Rxc3 e5 12. d5 Nb8 13. Ne1 a5 14. c5 Na6 15. cxd6 {[%emt 0:00:00] The position is equal.} cxd6 16. Nd3 Bf5 17. e4 Bd7 18. Qb3 b5 $1 19. a3 Rfb8 20. Rc2 ({Better is} 20. Ra1 $11) 20... Qd8 $15 21. Rfc1 b4 {[%emt 0:00:00] [#] ...a4 is the strong threat.} 22. axb4 axb4 23. Bf1 Qa5 (23... Qe8 $5 24. Rc6 Bxc6 25. Rxc6 Rd8 $11) 24. Rc6 {[%emt 0:05:11] Black converts the advantage convincingly.} Bxc6 $17 25. Rxc6 (25. dxc6 $17 Nc7 26. Ne1) 25... Rb6 $19 26. Qc4 Rxc6 27. Qxc6 (27. dxc6 $142 g6 28. h4) 27... Rd8 28. Bh3 $2 (28. Qc4 {was necessary.}) 28... Nc5 29. Nxc5 Qxc5 {[%emt 0:00:00][%mdl 4096] Endgame. KQR-KQB} (29... dxc5 $2 30. Bf1 $19) 30. Kg2 g6 31. Bd7 Kf8 32. h4 b3 33. h5 Qb4 (33... gxh5 34. Qb7 Kg7 35. Bf5 $19) 34. Qc7 Qb8 (34... Qxe4+ 35. Kh2 Ra8 36. h6 Qxd5 37. Bc6 $17) 35. Qc6 Kg7 36. Kg1 $2 (36. Bg4) 36... Qb4 {[%emt 0:00:00] [#] Hoping for ...Qe1+.} 37. Qc7 Ra8 {[%emt 0:00:00] ( -> ...Ra1+)} 38. Be6 Qe1+ {[%emt 0:00:00] Black mates.} (38... Qxe4 39. Qxf7+ Kh6 40. Kh2 $17) 39. Kg2 Qxe4+ ({Weaker is} 39... gxh5 40. Qxf7+ Kh8 41. Qf6#) 40. Kh2 Qf3 (40... gxh5 $2 {perishes.} 41. Qxf7+ Kh6 42. Bf5 $18) 41. h6+ Kxh6 42. Qc1+ Kg7 {[%emt 0:00:00] Weighted Error Value: White=0.77/Black=0.25 (precise) .  Mistake:       	White=6     	---        Inaccurate:     	White=3     	Black=2      OK:         	White=3     	Black=9      Best:        	---       	Black=1      Strong:       	---       	Black=1} 0-1

[Event "1000GM Schev-A February 2024"]
[Site "Santa Clara"]
[Date "2024.02.17"]
[Round "1.3"]
[White "Zhou, Ruoyu"]
[Black "Arenas, David"]
[Result "0-1"]
[ECO "B72"]
[WhiteElo "2112"]
[BlackElo "2406"]
[Annotator "TA"]
[PlyCount "70"]
[EventDate "2024.02.13"]
[EventType "schev"]
[EventCountry "USA"]
[SourceTitle "playchess.com"]
[Source "ChessBase"]
[SourceQuality "1"]
[TimeControl "5400+30"]

1. e4 c5 2. Nf3 d6 3. d4 Nf6 4. Nc3 cxd4 5. Nxd4 g6 6. Be3 a6 7. f3 b5 8. Qd2 Bb7 9. O-O-O {[%emt 0:08:03] White is slightly better.} h5 10. Nb3 {[%emt 0:09:07][%cal Oe4e5] Threatens to win with e5!} Nbd7 11. Be2 Rc8 ({Black should try} 11... Bg7 $11) 12. Kb1 (12. a4 $1 $14) 12... Bg7 $11 13. h3 Qc7 14. Rc1 h4 15. Rhe1 Kf8 16. a3 Nb6 17. Rcd1 Ba8 18. Bd3 Nc4 19. Bxc4 bxc4 20. Nd4 Rb8 21. Ka2 Rh5 22. Rb1 (22. b4 $11) 22... Ra5 (22... d5 $15 23. e5 Rxe5) 23. Nde2 Kg8 24. Bd4 (24. b4 $11 cxb3+ 25. cxb3) 24... e5 $17 25. Be3 d5 26. exd5 (26. Red1 $17 {keeps fighting.}) 26... Nxd5 $19 27. Nxd5 Bxd5 (27... Rxd5 $19 28. Qc1 f6) 28. Nc3 $17 Be6 29. Red1 {[%emt 0:00:49] [#]} (29. Bg5 Qc5 30. Ra1 (30. Bxh4 $2 {is a self mate.} Rxb2+ 31. Rxb2 Qxa3+ 32. Kb1 Qa1#) 30... Qb4 $19) 29... Bf8 $1 {[%emt 0:00:07] And now ...Qe7 would win.} 30. Qc1 (30. Bh6 $142) 30... Qe7 $40 {[%emt 0:01:21][%cal Ob8b2][%mdl 128] ( -> ...Rxb2+!). White is in trouble. Black is more active.} 31. Ka1 {[%emt 0:00:00][%mdl 8192] [#] This move loses the game for White.} (31. Ra1 $17) 31... Rxb2 $3 $19 {[%emt 0:01:54][%mdl 512] Black is clearly winning.} 32. Qxb2 (32. Rxb2 Qxa3+) 32... Rxa3+ (32... Qxa3+ $2 {perishes.} 33. Qxa3 Rxa3+ 34. Kb2 $18) 33. Qa2 Rxa2+ 34. Nxa2 {[%emt 0:00:10] [#]} c3 $1 35. Bc1 {[%emt 0:00:51] Wards off Qa3} Qc7 {[%emt 0:00:02] Weighted Error Value: White=0.40/Black=0.15 (very precise) .  Loses game:     	White=1     	---        Mistake:       	White=5     	Black=3      Inaccurate:     	White=2     	Black=1      OK:         	White=1     	Black=10     Best:        	White=1     	Black=2      Strong:       	---       	Black=1      Brilliant:      	---       	Black=1} 0-1

[Event "1000GM Schev-A February 2024"]
[Site "Santa Clara"]
[Date "2024.02.17"]
[Round "1.4"]
[White "Zuluaga Mancilla, Cesar"]
[Black "Rajaram, Rohan"]
[Result "0-1"]
[ECO "D23"]
[WhiteElo "2251"]
[BlackElo "2151"]
[Annotator "TA"]
[PlyCount "110"]
[EventDate "2024.02.13"]
[EventType "schev"]
[EventCountry "USA"]
[SourceTitle "playchess.com"]
[Source "ChessBase"]
[SourceQuality "1"]
[TimeControl "5400+30"]

1. d4 d5 2. Nf3 Nf6 3. c4 c6 4. Qb3 dxc4 5. Qxc4 Bf5 6. Nc3 e6 7. e3 {[%emt 0:01:51] D23: Angenommenes Damengambit.} Be7 8. a3 O-O 9. Be2 Nbd7 10. O-O Rc8 11. b4 Ne4 $146 ({Predecessor:} 11... Qc7 12. Bb2 Bd6 13. Rac1 e5 14. dxe5 Nxe5 15. Nxe5 Bxe5 16. f4 Bd6 17. e4 Be6 18. Qd3 Bxf4 19. Nd5 Bxd5 20. exd5 Bxc1 21. Rxc1 Nxd5 22. Kh1 f5 {½-½ Steyn,H (1820)-Bouah,D (1778) Johannesburg PSS Prestige op rapid 2017 (10)}) 12. Bb2 Ndf6 13. h3 Qc7 14. Rfc1 Qb8 15. Qb3 (15. Nxe4 {vereinfacht} Bxe4 16. Qc3 Rfd8 17. Ne5) 15... Rfd8 16. a4 Nxc3 17. Bxc3 Ne4 18. Be1 h6 19. Ne5 Bf6 (19... Bd6 $11 {bleibt in der Remisbreite.}) 20. f3 $16 Nd6 21. Bg3 Qa8 22. Rd1 Bh7 23. e4 a5 24. Ng4 Nxe4 25. fxe4 Bxd4+ 26. Nf2 (26. Kh2 $16) 26... Bxa1 27. Rxa1 Qa7 28. bxa5 Qxa5 (28... Bxe4 $2 29. Qb6 Qxb6 30. axb6 $18) 29. Bf4 (29. Qxb7 $2 Qc3 30. Rf1 Qxg3 $19) 29... b5 30. Qg3 (30. axb5 $2 Qxa1+ 31. Kh2 cxb5 $19) ({Besser ist} 30. Be5 $16 b4 (30... bxa4 31. Qg3 $16) 31. Qg3) 30... Bg6 (30... Kh8 $1 $11) 31. Be5 Qd2 ({Doch nicht} 31... bxa4 32. h4 Rd2 33. Bc3 $16) 32. Bh5 Kh7 33. axb5 (33. a5 $14) 33... cxb5 $11 34. Bxg6+ fxg6 35. Kh2 b4 36. Ra7 Rd7 37. Ra6 (37. Bf4 $16 Qd4 38. Be3 Qxa7 39. Bxa7 Rxa7 40. Nd3) 37... Re8 38. Rb6 Qe1 39. Qf3 (39. Ng4 {vereinfacht} Qxg3+ 40. Bxg3 Ra8 41. Rxb4 Ra2 42. h4) 39... Qc1 40. Rxb4 $2 {[%emt 0:00:44][%mdl 8192] [#]} (40. Nd3 $11 {und Weiss steht sicher.} Qc4 41. Nf4 (41. Rxb4 $2 {verliert.} Qxd3 42. Qxd3 Rxd3 $19) (41. Nxb4 $2 Qc5 $19)) 40... Qc5 $1 $19 41. Bc3 Rf8 42. Nd3 Qc7+ (42... Qxc3 43. Qxf8 Rxd3 44. Qb8 $19) 43. Be5 Rxf3 44. Bxc7 Rfxd3 45. Be5 g5 46. Ra4 Re3 47. Kg1 Re2 48. Kf1 Rc2 49. Kg1 Rd1+ 50. Kh2 Rdd2 51. Ra7 Rxg2+ 52. Kh1 Kg6 53. Rxg7+ Kh5 54. Rf7 Rge2 55. Rf1 Kh4 0-1

[Event "1000GM Schev-A February 2024"]
[Site "Santa Clara"]
[Date "2024.02.17"]
[Round "1.5"]
[White "Dominguez Aguilar, Guillermo"]
[Black "Sivakumar, Shaaketh"]
[Result "1/2-1/2"]
[ECO "A40"]
[WhiteElo "2319"]
[BlackElo "2364"]
[Annotator "RC"]
[PlyCount "45"]
[EventDate "2024.02.13"]
[EventType "schev"]
[EventCountry "USA"]
[SourceTitle "playchess.com"]
[Source "ChessBase"]
[SourceQuality "1"]
[TimeControl "5400+30"]

1. c4 b6 2. Nc3 Bb7 3. d4 e6 4. a3 f5 5. Nf3 Nf6 6. e3 g6 7. Bd3 Bg7 8. b4 O-O 9. Rb1 Ne4 10. Bxe4 fxe4 11. Nd2 d5 12. Qg4 Rf5 13. Ne2 Qf6 14. O-O h5 15. Qh3 Qf7 16. Ng3 Rf6 17. Bb2 Nd7 18. Rbc1 Rc8 19. b5 Qe7 20. Rc2 c6 21. Rfc1 Bh6 22. Ngf1 Qf7 23. Qg3 1/2-1/2

[Event "1000GM Schev-A February 2024"]
[Site "Santa Clara"]
[Date "2024.02.18"]
[Round "2.1"]
[White "Martin Carmona, Gaston Manuel"]
[Black "Arutla, Aditya"]
[Result "1/2-1/2"]
[ECO "A49"]
[WhiteElo "2343"]
[BlackElo "2132"]
[Annotator "TA"]
[PlyCount "116"]
[EventDate "2024.02.13"]
[EventType "schev"]
[EventCountry "USA"]
[SourceTitle "playchess.com"]
[Source "ChessBase"]
[SourceQuality "1"]
[TimeControl "5400+30"]

1. Nf3 d5 2. g3 g6 3. Bg2 Bg7 4. d4 Nf6 5. c4 c6 6. Nc3 O-O 7. O-O b6 8. cxd5 cxd5 9. Ne5 Bb7 10. Qb3 Nc6 11. Rd1 (11. Nxd5 $2 Na5 (11... Nxd4 12. Qc4 $17) 12. Nxe7+ Qxe7 $19) 11... e6 12. Bf4 Nh5 13. Nxc6 Bxc6 14. Be3 Qd7 15. a4 a5 16. Bf3 (16. Qxb6 $2 Rfb8 17. Nxd5 (17. Qc5 $2 Bf8 $19) 17... Bxd5 $19) 16... Rab8 (16... Nf6 $11) 17. Bxh5 $16 gxh5 18. Bf4 Rb7 {[%emt 0:01:59] [#]} 19. Nb5 $1 f6 20. Rac1 Kh8 {[%emt 0:05:59] [#]} (20... e5 $16) 21. Rc3 (21. Qe3 $1 $18) 21... e5 $16 22. Be3 h4 23. Rdc1 (23. gxh4 $6 Rg8 (23... Qg4+ 24. Kf1 $16) 24. Bd2 Qg4+ 25. Rg3 Qxe2 $11) 23... Bxb5 (23... Rc8 $2 24. Qc2 $18 (24. gxh4 Bf8 $11)) 24. Qxb5 (24. axb5 $142 Qg4 25. Qxd5) 24... hxg3 25. hxg3 f5 (25... Qxb5 $16 {was called for.} 26. axb5 f5 27. dxe5 Bxe5) 26. Qxd7 $18 Rxd7 27. dxe5 (27. Rc8 $18 {Black must now prevent dxe5.} Kg8 28. Rxf8+ Bxf8 29. Rc8 (29. dxe5 d4 $18)) 27... d4 $16 28. Rd3 Bxe5 (28... dxe3 $2 29. Rxd7 exf2+ 30. Kxf2 Bxe5 31. Rc6 $18) 29. Rc4 Rfd8 30. Bc1 Kg7 31. b3 Kf7 32. Kg2 Rc7 33. Rxc7+ Bxc7 34. Bb2 ({Better is} 34. Kf3 $16) 34... Be5 $11 35. Kf3 (35. e3 $2 dxe3 36. Rxd8 e2 37. Bxe5 (37. Rd7+ $2 Ke6 $19) (37. Bc3 $2 Bxc3 38. Rd7+ Ke8 $19) 37... e1=Q $19 (37... e1=B $2 38. Bc7 $18)) 35... Rd6 36. Kg2 Rd8 $1 37. f4 (37. e3 $2 dxe3 38. Rxd8 e2 39. Bxe5 (39. Rd7+ $2 Ke6 $19) (39. Bc3 $2 Bxc3 40. Rd5 e1=Q $19) 39... e1=Q $19 (39... e1=B $2 40. Rd6 $18)) 37... Bf6 38. Kf3 Ke6 39. g4 fxg4+ 40. Kxg4 h5+ 41. Kf3 $1 (41. Kxh5 $2 {loses.} Kf5 42. e4+ Kxe4 $19 (42... Kxf4 $2 43. Rd1 $19)) 41... Kf5 42. Rd1 h4 43. Rh1 Rg8 (43... Re8 $17 {Threatens to win with ...Re3+.} 44. Bc1 Rg8 45. e4+ dxe3 46. Bxe3 Rg3+ 47. Kf2 Kg4) 44. e4+ $11 dxe3 $1 45. Bxf6 Rg3+ 46. Ke2 Kxf6 47. Rxh4 Kf5 48. Rh6 Ke4 49. Re6+ Kxf4 50. Rxb6 Rg2+ 51. Ke1 Kf3 52. Rf6+ Ke4 53. Ra6 Kd3 54. Rd6+ Kc3 55. Rd5 Kxb3 56. Rxa5 Ra2 57. Re5 Kxa4 58. Re4+ Kb5 1/2-1/2

[Event "1000GM Schev-A February 2024"]
[Site "Santa Clara"]
[Date "2024.02.18"]
[Round "2.2"]
[White "Arenas, David"]
[Black "Sivakumar, Shaashwath"]
[Result "1/2-1/2"]
[ECO "B50"]
[WhiteElo "2406"]
[BlackElo "2205"]
[Annotator "TA"]
[PlyCount "48"]
[EventDate "2024.02.13"]
[EventType "schev"]
[EventCountry "USA"]
[SourceTitle "playchess.com"]
[Source "ChessBase"]
[SourceQuality "1"]
[TimeControl "5400+30"]

1. e4 c5 2. Nf3 d6 3. c3 Nf6 4. h3 g6 5. Bd3 Bg7 6. Bc2 e5 7. O-O O-O 8. d4 exd4 9. cxd4 cxd4 10. Nxd4 Nc6 11. Nc3 d5 12. Nxc6 bxc6 13. Be3 Re8 14. exd5 Nxd5 15. Nxd5 {[%emt 0:00:45] The position is equal.} Qxd5 16. Qc1 Qb5 17. Rb1 Be6 18. b3 Rad8 19. Rd1 Qh5 20. Rxd8 Rxd8 21. Be4 Qa5 22. Qc2 (22. Bxc6 $2 {too greedy.} Bf5 (22... Qxa2 23. Be4 $11) 23. a4 Bxb1 24. Qxb1 Bd4 25. Bxd4 Rxd4 $19) 22... f5 (22... Bd4 $11 {remains equal.}) 23. Bf3 (23. Bxc6 $16 h5 24. Bf3) 23... c5 $1 $14 24. Rd1 Bd4 {[%emt 0:02:49] Weighted Error Value: White=0.17 (very precise) /Black=0.24 (precise) .  Mistake:       	White=1     	Black=1      Inaccurate:     	White=1     	Black=1      OK:         	White=3     	Black=3      Strong:       	---       	Black=1} 1/2-1/2

[Event "1000GM Schev-A February 2024"]
[Site "Santa Clara"]
[Date "2024.02.18"]
[Round "2.3"]
[White "Zuluaga Mancilla, Cesar"]
[Black "Zhou, Ruoyu"]
[Result "1/2-1/2"]
[ECO "D55"]
[WhiteElo "2251"]
[BlackElo "2112"]
[Annotator "TA"]
[PlyCount "146"]
[EventDate "2024.02.13"]
[EventType "schev"]
[EventCountry "USA"]
[SourceTitle "playchess.com"]
[Source "ChessBase"]
[SourceQuality "1"]
[TimeControl "5400+30"]

1. d4 d5 2. Nf3 Nf6 3. c4 e6 4. Nc3 Be7 5. Bg5 h6 6. Bxf6 Bxf6 7. e3 O-O 8. Qc2 b6 9. O-O-O Ba6 (9... Nc6 $11) 10. cxd5 $16 Bxf1 11. Rhxf1 {[%emt 0:00:42] And now dxe6 would win. White is better.} exd5 12. h4 {[%emt 0:01:11] White is more active.} c6 (12... c5 $142) 13. Rh1 (13. g4 $1 $16 ) 13... Qd7 $14 14. Rdg1 Qg4 15. Rh3 (15. Nh2 $14 {might be stronger.} Qe6 16. g4) 15... Nd7 16. Rg3 Qe6 17. Rh1 (17. Rh3 $11) 17... Be7 18. Kb1 f5 (18... Rac8 $17 19. e4 dxe4 20. Nxe4 Qf5) 19. h5 $11 Bd6 (19... Rae8 $11) 20. Rg6 $16 Rf6 21. Nh4 Rxg6 22. hxg6 (22. Nxg6 $142 Re8 23. g3) 22... Rf8 $11 23. g3 Rf6 24. Ne2 Nf8 25. Rc1 (25. Qxc6 $2 Qe4+ (25... Nxg6 26. Nc3 $14) 26. Qc2 Qxh1+ $19) 25... Bb8 26. b4 b5 (26... Nxg6 27. Nxg6 Rxg6 28. b5 $14) 27. Nc3 (27. a4 $11 {was the only way to keep the balance.} bxa4 (27... Nxg6 $2 28. Nxg6 Rxg6 29. axb5 $18) 28. Ka2 (28. Qxa4 f4 $15)) 27... Bd6 ({Much worse is} 27... Nxg6 $6 28. Nxg6 Rxg6 29. Nxb5 $15) (27... f4 $1 $17 28. exf4 (28. gxf4 $2 {too greedy.} Qh3 $19) 28... Bxf4 29. gxf4 Qh3) 28. a3 {[%emt 0:00:18] [#]} (28. Ne2 $11 {keeps the balance.}) 28... Nxg6 (28... f4 $1 $17 29. exf4 (29. gxf4 $2 {perishes.} Qh3 $19) 29... Bxf4 30. gxf4 Qh3) 29. Nf3 (29. Nxg6 $11 Rxg6 30. Ne2) 29... Ne7 30. Nd2 Qd7 31. Nb3 Rf8 ({Better is} 31... g5 $17) 32. Ne2 Rc8 33. Kb2 Qe6 34. Na5 (34. Nc5 $11 Qf6 35. Nf4) 34... Qd7 (34... g5 $15) 35. Ng1 (35. Nb3 $11) 35... Qe6 (35... Rc7 $15) 36. Nf3 (36. Ne2 $11) 36... Rc7 $15 37. Nh4 (37. Qd3 $15) 37... Qe4 ({Black should try} 37... g5 $17 38. Nf3 g4) 38. Qd1 Qe6 39. Qf3 $2 (39. Qc2 $11 {and White stays safe.}) 39... g5 $19 40. Ng2 {[%emt 0:01:52][%cal Bh4g2,Bg2e1,Be1f3][%mdl 32] [#]} Qe4 (40... Nc8 $142 $1 41. Ne1 Nb6) 41. Ne1 $17 Qxf3 (41... Kg7 $15) 42. Nxf3 $11 g4 43. Nh4 Kf7 44. Rh1 Kf6 45. Nb3 Rc8 46. Ng2 Kg6 47. Nc1 Rc7 48. Nd3 Ng8 49. Ne5+ {[%emt 0:04:29][%mdl 1024] White has compensation.} Kf6 50. Nd3 Kg6 51. Rc1 Kf6 52. Kb3 Ne7 53. Rh1 Ng8 54. Rh5 Kg6 55. Rh1 Kf6 56. a4 {[%emt 0:03:37] Strongly threatening axb5.} a6 57. Rc1 Ne7 58. Ngf4 Rc8 59. axb5 axb5 60. Ra1 Rc7 61. Ra6 Rc8 62. Ne2 Ke6 63. Ra1 Kf6 64. Nc3 Ke6 65. Rh1 Rh8 66. Nf4+ (66. Ne2 $11) 66... Bxf4 $17 67. exf4 {[%emt 0:00:10][%mdl 4096] Endgame. KRN-KRN} Kd6 (67... h5 $17 68. Ne2 Ng6) 68. Nd1 h5 69. Ne3 Ke6 70. Ng2 Kf6 (70... Ng8 $15) 71. Ra1 $11 Ke6 72. Ra7 Rg8 73. Nh4 Rh8 {[%emt 0:02:30] Weighted Error Value: White=0.31/Black=0.27 (precise) .  Loses game:     	White=1     	---        Mistake:       	White=12    	Black=14     Inaccurate:     	White=10    	Black=10     OK:         	White=14    	Black=15     Best:        	White=5     	Black=3} 1/2-1/2

[Event "1000GM Schev-A February 2024"]
[Site "Santa Clara"]
[Date "2024.02.18"]
[Round "2.4"]
[White "Rajaram, Rohan"]
[Black "Dominguez Aguilar, Guillermo"]
[Result "0-1"]
[ECO "E10"]
[WhiteElo "2151"]
[BlackElo "2319"]
[Annotator "TA"]
[PlyCount "112"]
[EventDate "2024.02.13"]
[EventType "schev"]
[EventCountry "USA"]
[SourceTitle "playchess.com"]
[Source "ChessBase"]
[SourceQuality "1"]
[TimeControl "5400+30"]

1. d4 Nf6 2. c4 c5 3. d5 b5 4. cxb5 e6 5. Nc3 a6 6. e3 Bb7 7. dxe6 fxe6 8. Nf3 Be7 9. Be2 O-O 10. O-O axb5 11. Nxb5 d5 12. b3 {[%emt 0:03:56] Weiß steht besser.} Nc6 13. Bb2 Qb8 14. h3 (14. a4 {hält die Spannung aufrecht.} Ne4 15. Rc1 Ba6 16. h3) 14... e5 15. Ng5 Nd8 {[%emt 0:06:04] Verhindert Ne6} 16. Nf3 (16. f4 $16 e4 17. Bg4) 16... Nf7 (16... Nc6 $11) 17. Qc2 e4 18. Nh2 Bc6 19. a4 Nh6 20. Rac1 Bd7 21. Qc3 Bxb5 22. Bxb5 Bd6 {[%emt 0:00:07] [#]} 23. Ng4 Nhxg4 24. hxg4 {[%emt 0:00:05] Droht stark g5.} Ra7 (24... Kh8 $16 {war einen Versuch wert.}) 25. g5 $2 (25. Qd2 $18 {g5 wäre nun fies.} d4 26. Qd1 (26. exd4 Bh2+ 27. Kh1 Bf4 $18)) 25... Ng4 $15 26. Qd2 $2 {[%emt 0:05:03] [#]} (26. Be2 $15 Bh2+ 27. Kh1 Nxf2+ 28. Rxf2 Rxf2 29. Qxc5) 26... d4 $2 27. Qe2 $11 (27. exd4 $2 Bf4 28. Qd1 Bxc1 29. Qxg4 (29. Bc4+ $2 Kh8 $19) 29... Bxb2 $19) 27... h5 ({Besser ist} 27... Bh2+ $1 $14 28. Kh1 Bg1) 28. gxh6 $18 (28. exd4 Bh2+ 29. Kh1 Bg1 30. Bc4+ (30. Rxg1 $2 Qh2#) 30... Kh7 31. Qxe4+ (31. Rxg1 $2 Qh2#) 31... g6 $18) 28... Qc8 {[%emt 0:01:05] ...Qf5 ist eine echte Drohung.} 29. Qc4+ $2 (29. exd4 $18 Qf5 30. Bc4+ Kh8 31. Rc3 cxd4 32. Rh3) 29... Kh8 $1 $11 {[%emt 0:00:10] [#]} 30. Bxd4 Qf5 $1 $40 {[%emt 0:00:50][%cal Of5h5][%mdl 128] Schwarz greift an. Schach mit Chili.} 31. hxg7+ (31. Bxg7+ Rxg7 32. hxg7+ Kxg7 $11) (31. Bxc5 Bh2+ 32. Kh1 Qh5 33. hxg7+ Rxg7) 31... Rxg7 32. Bxg7+ Kxg7 33. Qc3+ $2 {[%emt 0:00:49][%mdl 8192] Schwarz hat alles unter Kontrolle.} (33. f4 $1 $15 Qh5 34. Qc3+ (34. Qxe4 $2 Qh2#) 34... Kh6 (34... Be5 35. Qxe5+ Nxe5 36. fxe5 $11) 35. Rf2 Qh2+ 36. Kf1 Nxf2 37. Qc4 (37. Kxf2 Be7 $15) 37... Bxf4 (37... Qh4 38. Qe6+ Rf6 39. Qg8 $11) 38. exf4 (38. Kxf2 Qg3+ 39. Kf1 Bg5+) 38... Qxf4 39. Ke2 (39. Qxc5 Nd3+ 40. Kg1 Nxc5 41. Rf1 Qe3+ 42. Kh2 Rg8 43. g4 Rxg4 44. Rf6+ Kg7) 39... Qg4+ 40. Kd2) 33... Be5 $1 $19 {[%emt 0:05:01] ( -> ...Rh8)} 34. Qxc5 Qh5 $1 35. Qxf8+ Kxf8 36. Rfd1 Qh2+ 37. Kf1 Qh1+ 38. Ke2 Qxg2 39. Rc8+ Ke7 40. Rd7+ {[%emt 0:00:39] [#]} Ke6 $1 (40... Kf6 41. Rf8+ Ke6 42. Rb7 $17) 41. Re8+ {[%emt 0:00:07] [#]} (41. Rf8 $142 Bf6 42. Re8+ Kf5 43. Rd5+ Kg6 44. Rg8+ Bg7 45. Rxg7+ Kxg7 46. Rf5) 41... Kf5 $1 42. Rf7+ Bf6 43. Rxf6+ Kxf6 44. Rf8+ Ke7 45. Rf4 Nf6 $2 (45... Ne5 46. Bc4 Qh1) 46. Bc4 $2 (46. Bc6) 46... Qh1 47. Rf5 Qa1 {[%emt 0:00:27] Droht ...Ng4 und aus.} 48. a5 $2 (48. Rf4) 48... Nd7 49. a6 $2 (49. f4 Qb2+ 50. Kd1) 49... Ne5 50. Bb5 Nf3 {[%emt 0:00:27] Schwarz setzt Matt.} 51. Rxf3 {[%emt 0:00:44] KQ-KRB} Qa2+ 52. Kf1 exf3 53. Kg1 Qxb3 54. Bc6 Qg8+ 55. Kf1 Qc4+ 56. Kg1 Qxc6 {[%emt 0:00:11] Gewichteter Fehlerwert: Weiß=0.94/Schwarz=0.49.  Verlustzug:     	Weiß=2     	Schwarz=1     Gewinn verpasst:   	Weiß=2     	Schwarz=1     Fehler:       	Weiß=6     	Schwarz=2     Ungenau:       	Weiß=5     	Schwarz=4     OK:         	Weiß=11    	Schwarz=6     Bester:       	Weiß=2     	Schwarz=2     Stark:        	---       	Schwarz=6} 0-1

[Event "1000GM Schev-A February 2024"]
[Site "Santa Clara"]
[Date "2024.02.18"]
[Round "2.5"]
[White "Sivakumar, Shaaketh"]
[Black "Jimenez Garcia, Emmanuel"]
[Result "0-1"]
[ECO "B53"]
[WhiteElo "2364"]
[BlackElo "2394"]
[Annotator "TA"]
[PlyCount "62"]
[EventDate "2024.02.13"]
[EventType "schev"]
[EventCountry "USA"]
[SourceTitle "playchess.com"]
[Source "ChessBase"]
[SourceQuality "1"]
[TimeControl "5400+30"]

1. e4 c5 2. Nf3 d6 3. d4 cxd4 4. Qxd4 Nf6 5. Bb5+ Bd7 6. c4 g6 7. O-O Bg7 8. Nc3 {[%emt 0:00:50] The position is equal.} O-O 9. Qd3 a6 10. Bxd7 Nbxd7 11. h3 Qc7 12. Be3 Rfc8 13. b3 {[%emt 0:08:29] [#]} b5 $1 14. Nd2 {[%emt 0:03:01] Black keeps a firm grip on the game.} (14. Rac1 Nc5) 14... bxc4 15. Nxc4 Ne5 16. Nxe5 {[%emt 0:00:02] Hoping for Nc4.} Qxc3 17. Bd4 Qxd3 18. Nxd3 {[%emt 0:00:02] [#]} e5 $1 ({Much less strong is} 18... Nxe4 19. Bxg7 Kxg7 20. Rfe1 $11) 19. Be3 (19. Bb2 $17) 19... Nxe4 $19 20. Rac1 Nc3 21. Rc2 {[%emt 0:00:48] Prevents Ne2+.} d5 {[%emt 0:00:06] White must now prevent ...d4.} 22. Rfc1 {[%emt 0:02:09] [#]} d4 23. f4 e4 24. Ne5 f6 25. Nc4 f5 26. Ne5 Bxe5 {[%emt 0:09:28] Black is clearly winning.} 27. fxe5 Kf7 28. Kf1 ({Worse is} 28. Bxd4 Ne2+ 29. Rxe2 Rxc1+ 30. Kf2 Rac8) 28... dxe3 29. Rxc3 Rxc3 30. Rxc3 Ke6 31. Rxe3 Rc8 {[%emt 0:00:27] Prevents Rc3.   Weighted Error Value: White=0.22 (precise) /Black=0.02 (flawless) .  Mistake:       	White=1     	---        Inaccurate:     	White=4     	---        OK:         	White=9     	Black=19     Best:        	---       	Black=3      Strong:       	---       	Black=1} 0-1